 Dungeon Crawl Stone Soup version 0.26-a0-597-gb535b0901c (webtiles) character file.

Game seed: 15622699699012461354

(classic levelgen) 31940 EnegeticOcto the Severer (level 13, -10/118 HPs)
             Began as a Deep Dwarf Fighter on Aug 25, 2020.
             Was a High Priest of Makhleb.
             Killed by divine providence
             ... invoked by an orc high priest
              (14 damage)
             ... on level 2 of the Orcish Mines.
             The game lasted 00:06:50 (6474 turns).

EnegeticOcto the Severer (Deep Dwarf Fighter)       Turns: 6474, Time: 00:06:51

Health: -10/118    AC: 17    Str: 26    XL:     13   Next: 28%
Magic:  16/16 (7)  EV:  7    Int:  8    God:    Makhleb [*****.]
Gold:   1002       SH: 12    Dex: 12    Spells: 12/12 levels left

rFire    . . .     SeeInvis +   a - +1 war axe (vorpal)
rCold    . . .     Faith    +   c - +0 kite shield
rNeg     . . .     Spirit   .   t - +1 shadow dragon scales
rPois    .         Reflect  .   I - +2 helmet {SInv}
rElec    .         Harm     .   D - +1 cloak {rCorr}
rCorr    +                      (no gloves)
MR       +....                  (no boots)
Stlth    ++........             q - amulet of faith
HPRegen  0.00/turn              f - ring of see invisible
MPRegen  0.15/turn              e - ring "Qadghoav" {+Blink MP+9 Slay+3}

@: corroded, non-regenerating, lightly drained
A: damage resistance, heal wounds, sense surroundings 2, no regeneration
a: Heal Wounds, Minor Destruction, Lesser Servant of Makhleb, Major Destruction,
Greater Servant of Makhleb, Renounce Religion, Evoke Blink


You were on level 2 of the Orcish Mines.
You worshipped Makhleb.
Makhleb was extremely pleased with you.
You visited 3 branches of the dungeon, and saw 12 of its levels.
You also visited: Ossuary and Bailey.

You collected 1198 gold pieces.
You spent 196 gold pieces at shops.

Inventory:

Hand Weapons
 a - a +1 vorpal war axe (weapon)
 s - the +8 morningstar of Responsibility {protect, *Drain rF+ Dex+8}
   (You found it on level 5 of the Dungeon)

   It grants its wielder temporary protection when it strikes (+7 to AC).
   It affects your dexterity (+8).
   It protects you from fire.
   It causes draining when unequipped.
Missiles
 m - a throwing net (quivered)
Armour
 b - a +0 scale mail
 c - a +0 kite shield (worn)
 t - +1 shadow dragon scales (worn)
 v - a +0 chain mail
 z - a +0 plate armour
 D - a +1 cloak of preservation (worn)
 F - a +2 hat
 I - a +2 helmet of see invisible (worn)
Jewellery
 e - the ring "Qadghoav" (right hand) {+Blink MP+9 Slay+3}
   (You found it on level 1 of the Orcish Mines)

   [ring of magical power]

   It affects your accuracy and damage with ranged weapons and melee attacks
   (+3).
   It affects your magic capacity (+9).
   It lets you blink.
 f - a ring of see invisible (left hand)
 q - an amulet of faith (around neck)
Wands
 j - a wand of polymorph (19)
 x - a wand of paralysis (5)
Scrolls
 g - 5 scrolls of remove curse {@r2}
 i - 3 scrolls of teleportation {@r3}
 o - 2 scrolls of immolation {@r4}
 p - a scroll of amnesia
 r - 3 scrolls of blinking
 y - a scroll of enchant weapon
 B - a scroll of enchant armour
 L - a scroll of fog {unknown}
Potions
 d - 2 potions of might {@q3}
 h - a potion of brilliance
 k - 2 potions of mutation
 l - 5 potions of haste {@q4}
 n - a potion of cancellation
 u - 2 potions of stabbing {@q5}
 w - 4 potions of lignification {@q7}
 A - 6 potions of curing {@q1}
 C - 3 potions of heal wounds {@q2}
 E - a potion of ambrosia
 G - a potion of berserk rage
 H - a potion of resistance {@q6}
 K - a potion of flight {unknown}
Miscellaneous
 J - a phantom mirror (inert)


   Skills:
 + Level 8.5(8.1) Fighting
 * Level 15.4(15.0) Axes
 + Level 10.2(9.8) Armour
 + Level 10.0(9.6) Shields
 + Level 8.8(8.4) Invocations


You had 12 spell levels left.
You didn't know any spells.
Your spell library contained the following spells:

 Spells                   Type           Power        Failure   Level
 Freeze                   Ice            #...         99%         1
 Magic Dart               Conj           #...         99%         1
 Corpse Rot               Necr/Air       N/A          99%         2
 Searing Ray              Conj           #.....       99%         2
 Dazzling Flash           Conj/Hex       #.....       100%        3
 Frozen Ramparts          Ice            #.....       100%        3
 Ozocubu's Armour         Ice            #.......     100%        3
 Stone Arrow              Conj/Erth      #.....       100%        3
 Fulminant Prism          Conj/Hex       #.........   100%        4
 Hailstorm                Conj/Ice       #.......     100%        4
 Iskenderun's Mystic Bla  Conj/Tloc      #.......     100%        4
 Summon Ice Beast         Ice/Summ       #.......     100%        4
 Summon Forest            Summ/Tloc      #.........   100%        5
 Eringya's Noxious Bog    Tmut/Pois      #.........   100%        6
 Hydra Form               Tmut           #.........   100%        6
 Summon Hydra             Summ           #.........   100%        7


Dungeon Overview and Level Annotations

Branches:
Dungeon (9/15)             Temple (1/1) D:7            Lair (0/6) D:8
    Orc (2/2) D:9             Elf (0/3) Orc:2       Ossuary (visited)
 Bailey (visited)

Altars:
Ashenzari
Cheibriados
Dithmenos
Elyvilon
Fedhas
Gozag
Hepliaklqana
Kikubaaqudgha
Makhleb
Nemelex Xobeh
Ru
Sif Muna
Trog
Uskayaw
Vehumet
Wu Jian
Xom
Yredelemnul
Zin

Shops:
D:4 (   D:5 ?   D:6 }   Orc:2 =:

Annotations:
D:6 2 transporters, 1 runed translucent door, exclusion: door, Crazy Yiuf
D:7 exclusion: oklob plant


Innate Abilities, Weirdness & Mutations

You are resistant to damage.
You can heal yourself by infusing magical energy.
You passively map the area around you.
You do not regenerate.


Message History

The orc sorcerer is heavily wounded.
You barely miss the orc high priest. You hit the orc priest.
You barely miss the orc warrior. You block the orc warrior's attack.
The orc wizard mumbles some strange words.
The orc wizard flickers and vanishes for a moment.
The orc priest closely misses you.
The orc high priest hits you but does no damage.
You slice the orc priest!!
You kill the orc priest!
Makhleb accepts your kill.
You feel better.
You slash the orc warrior! You closely miss the orc sorcerer.
You slash the orc high priest! You block the orc sorcerer's attack.
The orc warrior hits you but does no damage.
You slash the orc sorcerer!
The orc sorcerer is almost dead.
You slash the orc high priest! You barely miss the sun demon.
You hit the orc warrior. You block the sun demon's attack.
The orc sorcerer gestures at you while chanting.
The bolt of negative energy hits you!!
You feel drained.
You slash the orc sorcerer!
You kill the orc sorcerer!
Makhleb accepts your kill.
You feel better.
You slash the orc warrior! You closely miss the orc high priest.
You closely miss the sun demon. The sun demon hits you.
You are engulfed in flames!!
The orc warrior hits you but does no damage.
The orc high priest hits you but does no damage.
You barely miss the orc warrior.
The orc warrior is almost dead.
You slash the orc high priest! You hit the sun demon. You slash the orc wizard!
You kill the orc wizard!
Makhleb accepts your kill.
You barely miss the rust devil. The rust devil hits you.
The rust devil corrodes you!
The sun demon hits you but does no damage.
The orc high priest hits you but does no damage.
You block the orc warrior's attack.
You slash the orc warrior!
You kill the orc warrior!
Makhleb accepts your kill.
You hit the rust devil. You barely miss the orc wizard.
You barely miss the sun demon. You hit the orc high priest.
The sun demon hits you!
You are engulfed in flames!!
* * * LOW HITPOINT WARNING * * *
The rust devil closely misses you.
The orc high priest mumbles some strange prayers to Beogh.
The orc high priest is healed somewhat.
You are too injured to fight recklessly!
You are too injured to fight recklessly!
You are too injured to fight recklessly!
You are too injured to fight recklessly!
You are too injured to fight recklessly!
You are too injured to fight recklessly!
You are too injured to fight recklessly!
You are too injured to fight recklessly!
You are too injured to fight recklessly!
You are too injured to fight recklessly!
You are too injured to fight recklessly!
You are too injured to fight recklessly!
You are too injured to fight recklessly!
You are too injured to fight recklessly!
You are too injured to fight recklessly!
You are too injured to fight recklessly!
You are too injured to fight recklessly!
You are too injured to fight recklessly!
You are too injured to fight recklessly!
You are too injured to fight recklessly!
You are too injured to fight recklessly!
You are too injured to fight recklessly!
You are too injured to fight recklessly!
Your magical essence is drained by the effort!
You feel much better. The sun demon hits you.
You are engulfed in flames!
* * * LOW HITPOINT WARNING * * *
You block the rust devil's attack. You block the orc wizard's attack.
The orc high priest hits you but does no damage.
The sun demon hits you!
* * * LOW HITPOINT WARNING * * *
You are engulfed in flames!
* * * LOW HITPOINT WARNING * * *
You block the orc high priest's attack.
The orc high priest prays to Beogh.
You block the orc wizard's attack.
Things that are here:
a +2 vampiric dagger; a +0 ring mail Your magical essence is drained by the effort!
You feel much better.
The orc high priest intones a terrible prayer.
The sun demon hits you!
* * * LOW HITPOINT WARNING * * *
You are engulfed in flames!!
* * * LOW HITPOINT WARNING * * *
You block the orc high priest's attack. The smoke demon gestures at you.
The ball of steam hits you!
* * * LOW HITPOINT WARNING * * *
You block the orc wizard's attack.
The orc high priest is engulfed in a cloud of scalding steam.
The orc high priest invokes the aid of Beogh against you.
Beogh smites you!
You die...

#.#....... #.###....
#.#......#####.##.....
.....................
* #......#####.##.....
* #..)))....##.##.....
#.3))....##.##.....
#.4o3#...##.##.....
#..#3o##..##..##.....
#∩.#@##...##.###.....
##.......##.)# ##....
##....)##))## ##.##
#####))))## ####
######


You could see an orc high priest, a sun demon (summoned), a rust devil
(summoned), a smoke demon (summoned), a neqoxec (summoned) and an orc wizard
(invisible).

Vanquished Creatures
  The ghost of EnegeticOcto the Cleaver, a novice DDFi of Makhleb (Orc:1)
  A two-headed ogre (Orc:2)
  An orc high priest (Orc:2)
  3 orc knights (Orc:2)
  4 orc sorcerers
  Joseph (D:7)
  A moth of wrath (Orc:1)
  A gargoyle (D:8)
  3 trolls
  A hippogriff (D:8)
  A wyvern (D:9)
  6 yaks (D:8)
  Eustachio (D:4)
  Edmund (D:6)
  7 wargs
  4 porcupines (D:8)
  20 orc warriors
  5 ogres
  2 phantoms (D:9)
  3 ice beasts
  A black bear (D:9)
  3 centaurs
  2 crocodiles (D:8)
  4 bullfrogs
  5 scorpions
  A troll zombie (D:9)
  A water moccasin skeleton (D:9)
  A wight (D:8)
  3 howler monkeys
  A quasit (D:6)
  A jelly (D:9)
  3 hounds
  19 orc wizards
  15 orc priests
  A bullfrog skeleton (D:4)
  3 iguanas
  3 worker ants
  A killer bee zombie (D:5)
  7 ogre zombies (D:9)
  8 mummies (Ossuary)
  2 hound zombies (D:8)
  2 howler monkey zombies
  2 worker ant zombies
  7 gnolls (D:4)
  A howler monkey skeleton (D:5)
  7 adders
  A shadow imp (D:5)
  3 white imps (D:7)
  3 ufetubi
  An ooze (D:1)
  An adder zombie (D:2)
  An adder skeleton (D:4)
  2 worms
  A dart slug (D:4)
  5 leopard geckos
  54 orcs
  A bat (D:1)
  A bat skeleton (D:2)
  4 giant cockroaches
  A gnoll zombie (Ossuary)
  5 goblins
  2 hobgoblins (D:1)
  4 jackals
  8 kobolds (D:1)
  4 quokkas
  5 frilled lizards
  A goblin skeleton (D:9)
  3 goblin zombies (D:9)
  6 hobgoblin zombies
  2 jackal skeletons
  A jackal zombie (D:5)
  2 kobold zombies (Ossuary)
  2 leopard gecko skeletons
  4 orc skeletons (D:9)
  16 orc zombies
  4 rats
319 creatures vanquished.

Vanquished Creatures (others)
  An orc sorcerer (Orc:2)
  2 bushes (D:8)
  6 fungi (D:8)
  24 plants (D:8)
33 creatures vanquished.

Grand Total: 352 creatures vanquished

Notes
Turn   | Place    | Note
-------+----------+-------------------------------------------
     0 | D:1      | EnegeticOcto the Deep Dwarf Fighter began the quest for the
                  | Orb.
     0 | D:1      | Reached XP level 1. HP: 20/20 MP: 1/1
   111 | D:1      | Reached XP level 2. HP: 24/27 MP: 2/2
   472 | D:2      | Reached skill level 3 in Axes
   472 | D:2      | Reached XP level 3. HP: 26/33 MP: 3/3
   559 | D:2      | Found a radiant altar of Vehumet.
   728 | D:4      | Reached XP level 4. HP: 21/42 MP: 4/4
   774 | D:4      | Noticed an ogre
   787 | D:4      | Killed an ogre
   787 | D:4      | Reached skill level 4 in Axes
   787 | D:4      | Reached XP level 5. HP: 25/49 MP: 4/4
   858 | D:4      | Found a sacrificial altar of Ru.
   865 | D:4      | Noticed Eustachio
   914 | D:4      | Killed Eustachio
   914 | D:4      | Reached XP level 6. HP: 54/57 MP: 4/4
   974 | D:4      | Reached skill level 5 in Axes
  1010 | D:4      | Noticed an ice beast
  1023 | D:4      | Killed an ice beast
  1227 | D:4      | Found Iwnutat's Weapon Shoppe.
  1246 | D:5      | Entered Level 5 of the Dungeon
  1254 | D:5      | Reached XP level 7. HP: 58/64 MP: 5/5
  1363 | D:5      | Reached skill level 5 in Armour
  1363 | D:5      | Reached skill level 5 in Shields
  1446 | D:5      | Reached skill level 6 in Axes
  1543 | D:5      | Got a slimy morningstar
  1544 | D:5      | Identified the +8 morningstar of Responsibility {protect,
                  | *Drain rF+ Dex+8} (You found it on level 5 of the Dungeon)
  1734 | D:5      | Found Wutser's Magic Scroll Emporium.
  1737 | D:5      | Bought a scroll of blinking for 105 gold pieces
  1737 | D:5      | Bought a scroll of magic mapping for 49 gold pieces
  1737 | D:5      | Bought a scroll of teleportation for 42 gold pieces
  1775 | D:5      | Reached XP level 8. HP: 63/73 MP: 3/3
  1805 | D:5      | Reached skill level 7 in Axes
  1960 | D:6      | Found Dodor's Gadget Emporium.
  1964 | D:6      | Reached skill level 5 in Fighting
  2039 | D:6      | Found a shimmering blue altar of Sif Muna.
  2139 | D:6      | Found a transporter.
  2185 | D:6      | Reached skill level 8 in Axes
  2245 | D:6      | Found a runed translucent door.
  2246 | D:6      | Noticed Crazy Yiuf
  2585 | D:6      | Found a transporter.
  2597 | D:6      | Noticed Edmund
  2616 | D:6      | Killed Edmund
  2753 | D:6      | Found a bloodstained altar of Trog.
  2871 | D:7      | Noticed Joseph
  2899 | D:7      | Killed Joseph
  2899 | D:7      | Gained mutation: You passively map the area around you.
                  | [Deep Dwarf growth]
  2899 | D:7      | Reached XP level 9. HP: 48/81 MP: 1/1
  2942 | D:7      | Found a staircase to the Ecumenical Temple.
  2948 | Temple   | Entered the Ecumenical Temple
  2958 | Temple   | Became a worshipper of Makhleb the Destroyer
  2991 | D:7      | Found a flagged portal.
  3013 | Bailey   | Entered a bailey
  3044 | Bailey   | Reached skill level 9 in Axes
  3044 | Bailey   | Reached skill level 1 in Invocations
  3067 | Bailey   | Found an iron altar of Okawaru.
  3142 | D:7      | Noticed an oklob plant
  3315 | D:7      | Found a blossoming altar of Fedhas.
  3390 | D:7      | Reached * piety under Makhleb
  3466 | D:7      | Found a white marble altar of Elyvilon.
  3574 | D:7      | Found a shimmering altar of Xom.
  3767 | D:8      | Noticed a gargoyle
  3775 | D:8      | Killed a gargoyle
  3986 | D:8      | Found a sand-covered staircase.
  3993 | Ossuary  | Entered an ossuary
  4008 | Ossuary  | Reached ** piety under Makhleb
  4042 | Ossuary  | Reached skill level 10 in Axes
  4241 | D:8      | Reached XP level 10. HP: 52/92 MP: 3/3
  4247 | D:8      | Found a staircase to the Lair.
  4417 | D:8      | Found a shattered altar of Ashenzari.
  4604 | D:8      | Reached *** piety under Makhleb
  4627 | D:9      | Found a white marble altar of Elyvilon.
  4665 | D:9      | Found a hide-covered altar of Uskayaw.
  4680 | D:9      | Reached skill level 5 in Invocations
  4698 | D:9      | Found a staircase to the Orcish Mines.
  4728 | D:9      | Reached **** piety under Makhleb
  4960 | D:9      | Found a snail-covered altar of Cheibriados.
  4969 | D:9      | Found an ornate altar of the Wu Jian Council.
  5125 | D:9      | Reached skill level 11 in Axes
  5473 | D:9      | Found a glowing silver altar of Zin.
  5508 | D:9      | Reached skill level 12 in Axes
  5508 | D:9      | Reached XP level 11. HP: 102/102 MP: 5/7
  5509 | D:9      | Reached skill level 14 in Axes
  5509 | D:9      | Reached XP level 12. HP: 110/110 MP: 5/8
  5551 | Orc:1    | Entered Level 1 of the Orcish Mines
  5618 | Orc:1    | Found a bloodstained altar of Trog.
  5673 | Orc:1    | Found a transporter.
  5675 | Orc:1    | Noticed EnegeticOcto's ghost (novice DDFi)
  5756 | Orc:1    | Found a transporter.
  5847 | Orc:1    | Reached ***** piety under Makhleb
  5857 | Orc:1    | Killed EnegeticOcto's ghost
  5862 | Orc:1    | Got a vibrating platinum ring
  5875 | Orc:1    | Identified the ring "Qadghoav" {+Blink MP+9 Slay+3} (You
                  | found it on level 1 of the Orcish Mines)
  5962 | Orc:2    | Entered Level 2 of the Orcish Mines
  6099 | Orc:2    | Reached XP level 13. HP: 97/117 MP: 9/9
  6123 | Orc:2    | Reached skill level 15 in Axes
  6168 | Orc:2    | Found a staircase to the Elven Halls.
  6385 | Orc:2    | Found Anuipeps's Book Emporium.
  6415 | Orc:2    | Reached skill level 10 in Armour
  6432 | Orc:2    | Reached skill level 10 in Shields
  6461 | Orc:2    | Found Pumut's Jewellery Shop.
  6473 | Orc:2    | HP: 4/118 [smoke demon/ball of steam[an orc high priest]
                  | (9)]
  6474 | Orc:2    | Killed from afar by an orc high priest

Illustrated notes

Levels and vault maps discovered:
D:1:      minmay_arrival_open_corners, layout_loops_ring,
          minmay_stone_trees_medium
D:2:      kennysheep_the_goblin_king, layout_basic, lemuel_crystal_altar,
          vehumet_crystals, serial_undead, serial_undead_d, serial_undead_b,
          serial_undead_f, serial_undead_f, serial_undead_f
D:3:      layout_basic, tgw_kikubaaqudgha
D:4:      layout_cave_pools, hangedman_ru_absence, serial_shops,
          nicolae_shop_behind_doors, uniq_eustachio
D:5:      minmay_general_purpose_star, layout_rooms, serial_shops,
          kennysheep_mini, kennysheep_generic_room_5
D:6:      gammafunk_cloud_chamber, layout_basic, lightli_temple_of_fire,
          led_sif_book, serial_shops, shop, uniq_edmund, uniq_crazy_yiuf_cottage
D:7:      layout_basic, fedhas_altar_fruit_tree, lemuel_coloured_pillars_altar,
          minmay_temple_entry_enclosed_plants, enter_bailey_2,
          lemuel_oklob_altar, uniq_joseph
D:8:      layout_basic, marbit_many_paths, minmay_lair_entry_grove,
          nicolae_ossuary_entry_plus
D:9:      layout_gridville, amethyst_overflow_temple_binary,
          kennysheep_little_box, overflow_temple_1_default,
          eat_drink_and_be_merry_uskayaw, zombieorc2_lemuel,
          serial_co_window_serial, co_window_paths_a, co_window_paths_a,
          co_window_paths_a, co_window_paths_b, co_window_of_opportunity_a,
          co_window_of_opportunity_b, co_window_2corner, co_window_paths_c,
          co_window_sun, hangedman_abyss_or_decor_stagger,
          lightli_corner_chamber
Temple:   jpeg_temple_island
Orc:1:    layout_caves, gammafunk_ghost_berserking_beasts, trog_book
Orc:2:    st_orc_elflike, layout_caves, nicolae_orc_pool_cavern

Skill      XL: |  1  2  3  4  5  6  7  8  9 10 11 12 13 |
---------------+----------------------------------------+-----
Axes           | 3 4 5 6 8 10 12 14 15 | 15.4
Fighting       | 3 4 5 6 7 8 |  8.5
Armour         | 4 5 6 7 9 10 | 10.2
Shields        | 4 5 6 7 9 10 | 10.0
Invocations    | 3 7 8 |  8.8

Action                   |  1- 3 |  4- 6 |  7- 9 | 10-12 | 13-15 || total
-------------------------+-------+-------+-------+-------+-------++-------
Melee: War axe           |   109 |   120 |   491 |   257 |    88 ||  1065
 Abil: Heal Wounds       |     1 |     7 |    23 |     2 |     5 ||    38
Evoke: Wand              |       |       |     4 |       |       ||     4
       Phantom mirror    |       |       |       |       |     1 ||     1
  Use: Scroll            |       |       |    15 |     7 |       ||    22
       Potion            |       |       |       |     3 |     1 ||     4
 Stab: Paralysed         |       |       |     4 |       |       ||     4
       Sleeping          |       |       |     2 |       |       ||     2
Armor: Scale mail        |    53 |    56 |    50 |       |       ||   159
       Chain mail        |       |       |    58 |       |       ||    58
       Plate armour      |       |       |    94 |       |       ||    94
       Shadow dragon sca |       |       |    44 |   113 |    36 ||   193
Dodge: Dodged            |    29 |    37 |   137 |    50 |    21 ||   274
Block: Kite shield       |    65 |    73 |   272 |   159 |    48 ||   617

Table legend: (Time is in decaauts)
 A = Elapsed time spent in this place.
 B = Non-inter-level travel time spent in this place.
 C = Inter-level travel time spent in this place.
 D = Time resting spent in this place.
 E = Time spent auto-exploring this place.
 F = Levels seen in this place.
 G = Mean time per level.
                   A        B        C        D        E       F      G
               +--------+--------+--------+--------+--------+-----+--------+
         Total |   6613 |   6220 |    393 |      0 |   4075 |  14 |  472.4 |
       Dungeon |   5407 |   5075 |    332 |      0 |   3395 |   9 |  600.8 |
        Temple |     19 |     11 |      8 |      0 |      0 |   1 |   19.0 |
  Orcish Mines |    889 |    837 |     52 |      0 |    578 |   2 |  444.5 |
       Ossuary |    176 |    176 |      0 |      0 |     99 |   1 |  176.0 |
        Bailey |    121 |    121 |      0 |      0 |      3 |   1 |  121.0 |
               +--------+--------+--------+--------+--------+-----+--------+

Top non-repeatable levels by time:
     D:6: 990 daAuts
     D:9: 923 daAuts
     D:8: 842 daAuts
     D:5: 690 daAuts
     D:7: 628 daAuts
     D:4: 572 daAuts
   Orc:2: 484 daAuts
     D:1: 482 daAuts
   Orc:1: 404 daAuts
 Ossuary: 176 daAuts
     D:3: 156 daAuts
     D:2: 121 daAuts
  Bailey: 121 daAuts
  Temple: 19 daAuts
